 Dungeon Crawl Stone Soup version 0.25-a0-701-gb30f108f01 (webtiles) character file.

Game seed: 9107261441943951802, levelgen mode: deterministic

423 DasRunzen the Skirmisher (level 6, -5/49 HPs)
             Began as a Demonspawn Fighter on Apr 3, 2020.
             Killed from afar by Dowan (16 damage)
             ... with a shard of ice
             ... on level 4 of the Dungeon.
             The game lasted 00:04:26 (2701 turns).

DasRunzen the Skirmisher (Demonspawn Fighter)       Turns: 2701, Time: 00:04:28

Health: -5/49      AC: 10    Str: 18    XL:     6   Next: 63%
Magic:  0/15       EV:  7    Int:  9    God:
Gold:   97         SH: 15    Dex: 17    Spells: 5/5 levels left

rFire    . . .     SeeInvis .   a - +1 trident
rCold    . . .     Gourm    .   k - +5 kite shield
rNeg     + . .     Faith    .   e - +3 scale mail
rPois    .         Spirit   +   (helmet restricted)
rElec    .         Reflect  .   (no cloak)
rCorr    .         Harm     .   (no gloves)
MR       .....                  (no boots)
Stlth    +.........             o - amulet of guardian spirit
HPRegen  0.16/turn              r - ring of positive energy
MPRegen  0.14/turn              s - ring of magical power

@: no status effects
A: antennae 2, thin skeletal structure 2, rot immunity
a: no special abilities


You were on level 4 of the Dungeon.
You were not hungry.

You visited 1 branch of the dungeon, and saw 4 of its levels.

You collected 97 gold pieces.

Inventory:

Hand Weapons
 a - a +1 trident (weapon)
Armour
 e - a +3 scale mail (worn)
 k - a +5 kite shield (worn)
Jewellery
 o - an amulet of guardian spirit (around neck)
 r - a ring of positive energy (left hand)
 s - a ring of magical power (right hand)
Scrolls
 g - 6 scrolls of remove curse
 m - 2 scrolls of teleportation
 t - 2 scrolls of amnesia
Potions
 b - 3 potions of heal wounds
 c - a potion of mutation
 d - a potion of might
 h - a potion of invisibility {unknown}
 i - 5 potions of curing
 j - a potion of ambrosia
 l - 2 potions of flight {unknown}
 n - 2 potions of lignification {unknown}
 p - a potion of stabbing {unknown}
Comestibles
 f - 6 rations
 q - a chunk of flesh


   Skills:
 + Level 4.5 Fighting
 + Level 3.5 Polearms
 + Level 4.1 Armour
 + Level 4.1 Shields


You had 5 spell levels left.
You didn't know any spells.
Your spell library was empty.

Dungeon Overview and Level Annotations

Branches:
Dungeon (4/15)
 Temple: D:4-7

Altars:
Dithmenos
Gozag
Wu Jian
Yredelemnul

Annotations:
D:4 Dowan


Innate Abilities, Weirdness & Mutations

You have a pair of antennae on your head.
You have a moderately thin skeletal structure. (Dex +4, Stealth+)
You are immune to rotting.


Message History

Dowan is heavily wounded.
You block Dowan's attack. Dowan casts a spell at you.
The shard of ice hits you!
You hit Dowan.
Dowan is severely wounded.
Dowan points at you and mumbles some strange words.
The shard of ice hits you! Dowan hits you but does no damage.
You hit Dowan but do no damage.
Dowan is severely wounded.
Dowan says, "Her death will not be in vain!"
You block Dowan's attack.
Your shield and scale mail prevent you from hitting Dowan.
Dowan is severely wounded.
Dowan casts a spell at you. The stone arrow hits you!!
* * * LOW HITPOINT WARNING * * *
Dowan casts a spell at you. The shard of ice hits you!!
You die...

#.#####.#.....#
###.#####.#.....#
##.........#.....#
#......#.###.....#
#..#.#.#.# #######
#..#...#.#
#..##..#.# #####
#........#####..!#
#.......###..)@#
##.##.#.# #.##.e.#
#.##.#.###.######
#.##.......#
#.####.#####
#......# ########


You could see Dowan.

Vanquished Creatures
  Duvessa (D:4)
  2 orc priests (D:3)
  Jessica (D:2)
  Terence (D:2)
  An orc wizard (D:3)
  9 adders
  A worm (D:3)
  3 dart slugs
  4 leopard geckos
  9 orcs (D:3)
  7 giant cockroaches
  7 goblins
  7 hobgoblins
  12 jackals
  A quokka (D:2)
  A ball python (D:2)
  6 bats
  5 frilled lizards
  5 kobolds
  A leopard gecko skeleton (D:3)
  A quokka skeleton (D:3)
  7 rats
92 creatures vanquished.

Notes
Turn   | Place    | Note
-------+----------+-------------------------------------------
     0 | D:1      | DasRunzen the Demonspawn Fighter began the quest for the
                  | Orb.
     0 | D:1      | Reached XP level 1. HP: 18/18 MP: 1/1
    50 | D:1      | Gained mutation: You are immune to rotting. [demonic
                  | ancestry]
    50 | D:1      | Reached XP level 2. HP: 15/24 MP: 2/2
   223 | D:1      | Gained mutation: You have a somewhat thin skeletal
                  | structure. (Dex +2, Stealth) [demonic ancestry]
   223 | D:1      | Reached XP level 3. HP: 5/29 MP: 3/3
  1023 | D:2      | Noticed Terence
  1042 | D:2      | Killed Terence
  1057 | D:2      | Found an opulent altar of Gozag.
  1102 | D:2      | Gained mutation: You have a pair of small antennae on your
                  | head. [demonic ancestry]
  1102 | D:2      | Reached XP level 4. HP: 35/36 MP: 4/4
  1225 | D:2      | Noticed Jessica
  1233 | D:2      | Killed Jessica
  1287 | D:2      | Gained mutation: You have a pair of antennae on your head.
                  | [demonic ancestry]
  1287 | D:2      | Reached XP level 5. HP: 32/42 MP: 5/5
  1378 | D:2      | Found an ornate altar of the Wu Jian Council.
  1852 | D:3      | Found a basalt altar of Yredelemnul.
  1934 | D:3      | Gained mutation: You have a moderately thin skeletal
                  | structure. (Dex +4, Stealth+) [demonic ancestry]
  1934 | D:3      | Reached XP level 6. HP: 10/48 MP: 4/6
  2181 | D:3      | Found a shadowy altar of Dithmenos.
  2674 | D:4      | Noticed Duvessa
  2690 | D:4      | Killed Duvessa
  2692 | D:4      | Noticed Dowan
  2701 | D:4      | Killed from afar by Dowan

Levels and vault maps discovered:
D:1:      lightli_molten_gateway, layout_basic
D:2:      minmay_inner_zag, layout_rooms, lemuel_doored_altar,
          lemuel_round_altar, first_ration, uniq_terence, uniq_jessica
D:3:      layout_loops_ring, marbit_many_paths, old_standard_altar
D:4:      layout_loops_cross, minmay_temple_entry_offerings, uniq_duvessa

Skill      XL: |  1  2  3  4  5  6 |
---------------+-------------------+-----
Polearms       | 2 3 |  3.5
Armour         | 3 4 |  4.1
Shields        | 3 4 |  4.1
Fighting       | 4 |  4.5

Action                   |  1- 3 |  4- 6 || total
-------------------------+-------+-------++-------
Melee: Trident           |   127 |   239 ||   366
  Use: Scroll            |     5 |     6 ||    11
 Stab: Sleeping          |       |     3 ||     3
  Eat: Chunk             |       |     7 ||     7
Armor: Scale mail        |    52 |    78 ||   130
Dodge: Dodged            |    23 |    44 ||    67
Block: Kite shield       |    57 |   129 ||   186

Table legend:
 A = Non-vault XP
 B = Vault XP
 C = Vault XP percentage of total XP
 D = Non-vault monster count
 E = Vault monster count
 F = Vault count percentage of total count
                 A         B        C        D         E       F
            +---------+---------+-------+---------+---------+-------
      Total |     380 |     225 |  37.2 |      84 |       8 |   8.7
            +---------+---------+-------+---------+---------+-------
        D:1 |      53 |       0 |   0.0 |      28 |       0 |   0.0
        D:2 |      98 |      80 |  44.9 |      19 |       6 |  24.0
        D:3 |     225 |       3 |   1.3 |      35 |       1 |   2.8
        D:4 |       4 |     142 |  97.3 |       2 |       1 |  33.3
            +---------+---------+-------+---------+---------+-------
